 Dungeon Crawl Stone Soup version 0.30-a0-777-ga9a30cbeda (webtiles) character file.

Game seed: 4751877661851067612

838 Crownlay the Digger (level 7, -7/39 HPs)
             Began as a Gargoyle Earth Elementalist on Feb 13, 2023.
             Mangled by a sun demon (20 damage)
             ... summoned by a kobold demonologist
             ... on level 4 of the Dungeon.
             The game lasted 00:05:29 (3626 turns).

Crownlay the Digger (Gargoyle Earth Elementalist)   Turns: 3626, Time: 00:05:30

Health: -7/39      AC:  9    Str: 11    XL:     7   Next: 99%
Magic:  12/16      EV: 16    Int: 18    God:
Gold:   229        SH:  0    Dex: 10    Spells: 14/18 levels left

rFire   . . .      SeeInvis .    w - +1 war axe (vamp)
rCold   + . .      Faith    .    (no shield)
rNeg    + . .      Spirit   .    j - +1 robe {rC+}
rPois   ∞          Reflect  .    h - +0 helmet
rElec   +          Harm     .    u - +0 cloak
rCorr   .          Rampage  .    (no gloves)
Will    .....                    (no boots)
Stlth   ++                       (no amulet)
HPRegen 0.26/turn                k - +5 ring of evasion
MPRegen 0.15/turn                (no ring)

@: no status effects
A: sickness immunity, AC +4, negative energy resistance 1, electricity
resistance, torment resistance 1, petrification resistance
a: no special abilities


You were on level 4 of the Dungeon.
You visited 1 branch of the dungeon, and saw 5 of its levels.

You collected 229 gold pieces.

Inventory:

Hand Weapons
 w - a +1 vampiric war axe (weapon)
Armour
 h - a +0 helmet (worn)
 j - a +1 robe of cold resistance (worn)
 u - a +0 cloak (worn)
Jewellery
 k - a +5 ring of evasion (left hand)
Wands
 r - a wand of iceblast (10)
Scrolls
 c - a scroll of noise {unknown}
 d - a scroll of fear
 f - 3 scrolls of identify
 g - a scroll of teleportation {unknown}
 m - a scroll of poison {unknown}
 p - a scroll of acquirement {unknown}
 q - a scroll of enchant armour {unknown}
 v - 2 scrolls of magic mapping
Potions
 a - 2 potions of haste
 b - 2 potions of magic
 e - 3 potions of berserk rage
 i - 2 potions of curing
 l - a potion of invisibility {unknown}
 n - a potion of attraction {unknown}
 s - 2 potions of brilliance
 t - a potion of resistance {unknown}


   Skills:
 + Level 1.9 Fighting
 - Level 1.5 Dodging
 - Level 2.1 Stealth
 * Level 6.2 Spellcasting
 + Level 1.8 Conjurations
 + Level 1.4 Summonings
 - Level 0.7 Transmutations
 + Level 6.5 Earth Magic


You had 14 spell levels left.
You knew the following spells:

 Your Spells              Type           Power      Damage    Failure   Level
a - Sandblast             Erth           58%        2d13      1%          1
b - Stone Arrow           Conj/Erth      40%        3d9       6%          3

Your spell library contained the following spells:

 Spells                   Type           Power      Damage    Failure   Level
 Passwall                 Tmut/Erth      15%        N/A       4%          2
 Freeze                   Ice            20%        1d4       12%         1
 Hailstorm                Conj/Ice       8%         3d4       24%         3
 Petrify                  Tmut/Erth      18%        N/A       26%         4
 Frozen Ramparts          Ice            10%        1d2       34%         3


Dungeon Overview and Level Annotations

Branches:
Dungeon (5/15)
 Temple: D:4-7

Altars:
Ashenzari
Dithmenos
Ru
Sif Muna
Uskayaw
Zin

Annotations:
D:5 Duvessa


Innate Abilities, Weirdness & Mutations

You are immune to sickness and miasma.
Your stone body is resilient. (AC +4)
You are immune to poison.
You resist negative energy. (rN+)
You are resistant to electric shocks. (rElec)
You are resistant to unholy torment.
You are immune to petrification.


Message History

The shadow imp disappears in a puff of smoke!
The iron imp disappears in a puff of smoke!
There is a stone staircase leading down here.
The blast of sand misses the kobold demonologist.
The kobold demonologist barely misses you.
The blast of sand hits the kobold demonologist!
The kobold demonologist is moderately wounded.
The kobold demonologist gestures wildly while chanting.
The kobold demonologist closely misses you.
The blast of sand misses the kobold demonologist.
The kobold demonologist hits you but does no damage.
The sun demon hits you!
You are engulfed in flames!
You are too injured to fight recklessly!
You are too injured to fight recklessly!
Casting: Sandblast (safe; 1% risk of failure)
Confirm with . or Enter, or press ? or * to list all spells.
Okay, then.
Okay, then.
Okay, then.
Casting: Sandblast (safe; 1% risk of failure)
Confirm with . or Enter, or press ? or * to list all spells.
Aiming: Sandblast (safe; 1% risk of failure)
Press: ? - help, Shift-Dir - straight line, f/p - kobold demonologist
Aim: a kobold demonologist, wielding a +0 dagger and wearing a +0 robe (moderately wounded, 76% to hit)
The blast of sand hits the kobold demonologist!
The kobold demonologist is heavily wounded.
The sun demon misses you.
The kobold demonologist gestures wildly while chanting.
The sun demon completely misses you.
The kobold demonologist barely misses you.
Casting: Sandblast (safe; 1% risk of failure)
Confirm with . or Enter, or press ? or * to list all spells.
Aiming: Sandblast (safe; 1% risk of failure)
Press: ? - help, Shift-Dir - straight line, f/p - kobold demonologist
Aim: a kobold demonologist, wielding a +0 dagger and wearing a +0 robe (heavily wounded, 76% to hit)
The blast of sand hits the kobold demonologist.
The kobold demonologist is severely wounded.
The sun demon hits you!!
Ouch! That really hurt!
You die...

######.##....#
#.#..#.# ###### #
#.##)##.# #.##.#.# #
#.......# #......#
#### #.......#
####.### ...#
#.......# #####.###
##.# #.......#
#3......# ...#
#.......# #.###.#.#
#..# #.......#
#K##..#.# #..#
#.......# #@##.##.#
...###########
#.3.....# ........#
#########.####
#.#####.# #.......#.#
#.#####.# #.#####.#.#
#.#...#.# #.#...#.#.#
#.#...#.# #.#...#.#.#
..#...#.###.#[......#
#.....)).......##.###


You could see a sun demon (summoned), a kobold demonologist and a smoke demon
(summoned).

Vanquished Creatures
  Sigmund (D:3)
  Menkaure (D:5)
  A centaur (D:5)
  2 hounds (D:4)
  Jessica (D:2)
  Natasha (thrice) (D:2)
  2 iguanas
  Ijyb (D:3)
  8 gnolls (D:4)
  10 adders
  A worm (D:4)
  A dart slug (D:1)
  2 orcs (D:4)
  6 ball pythons
  7 endoplasms
  3 giant cockroaches
  7 goblins
  6 hobgoblins
  6 jackals
  5 kobolds
  A quokka (D:4)
  12 bats
  5 frilled lizards
  5 rats
97 creatures vanquished.

Vanquished Creatures (others)
  32 plants (D:2)
32 creatures vanquished.

Grand Total: 129 creatures vanquished

Notes
Turn   | Place    | Note
-------+----------+-------------------------------------------
     0 | D:1      | Crownlay the Gargoyle Earth Elementalist began the quest
                  | for the Orb.
     0 | D:1      | Reached XP level 1. HP: 10/10 MP: 3/3
    66 | D:1      | Reached XP level 2. HP: 15/15 MP: 3/5
   290 | D:1      | Reached XP level 3. HP: 7/19 MP: 1/7
   294 | D:1      | Learned a level 3 spell: Stone Arrow
   864 | D:2      | Noticed Jessica
   867 | D:2      | Reached XP level 4. HP: 19/24 MP: 6/9
   873 | D:2      | Killed Jessica
  1128 | D:2      | Noticed Natasha
  1131 | D:2      | Killed Natasha
  1132 | D:2      | Reached XP level 5. HP: 28/28 MP: 6/11
  1269 | D:2      | Noticed Natasha
  1276 | D:2      | Killed Natasha
  1277 | D:2      | Reached skill level 5 in Earth Magic
  1411 | D:2      | Noticed Natasha
  1417 | D:2      | Killed Natasha
  1996 | D:3      | Noticed Ijyb
  2001 | D:3      | Noticed Sigmund
  2008 | D:3      | Killed Sigmund
  2009 | D:3      | Reached skill level 5 in Spellcasting
  2009 | D:3      | Reached XP level 6. HP: 23/32 MP: 2/14
  2023 | D:3      | Killed Ijyb
  2201 | D:3      | Found a shadowy altar of Dithmenos.
  2204 | D:3      | Found a hide-covered altar of Uskayaw.
  2221 | D:3      | Found a broken altar of Ashenzari.
  2224 | D:3      | Found a shimmering blue altar of Sif Muna.
  2226 | D:3      | Found a sacrificial altar of Ru.
  2231 | D:3      | Found a glowing silver altar of Zin.
  2700 | D:4      | Reached XP level 7. HP: 36/36 MP: 11/15
  3218 | D:4      | Reached skill level 1 in Fighting
  3510 | D:5      | Entered Level 5 of the Dungeon
  3517 | D:5      | Reached skill level 1 in Conjurations
  3540 | D:5      | Reached skill level 1 in Summonings
  3540 | D:5      | Noticed Menkaure
  3545 | D:5      | Killed Menkaure
  3583 | D:5      | Noticed Duvessa
  3584 | D:5      | Noticed a kobold demonologist
  3620 | D:5      | Noticed an orange demon
  3624 | D:4      | Noticed a sun demon
  3626 | D:4      | Noticed a smoke demon
  3626 | D:4      | Mangled by a sun demon

Illustrated notes

Levels and vault maps discovered:
D:1:      ebering_hopf_link, layout_rooms
D:2:      layout_loops_cross, serial_bayou, serial_bayou_lagoon_a,
          serial_bayou_crossing, serial_bayou_pond_c, serial_bayou_pond_a,
          uniq_jessica, uniq_natasha
D:3:      layout_basic, nicolae_overflow_hallway_of_the_gods, uniq_sigmund,
          uniq_ijyb
D:4:      layout_loops_cross
D:5:      layout_cave_pools, nicolae_gozag_cash_rules_everything_around_me,
          trog_antimagical, roderic_serpentine_path, uniq_menkaure, uniq_duvessa

Skill      XL: |  1  2  3  4  5  6  7 |
---------------+----------------------+-----
Earth Magic    | 4 5 6 |  6.5
Spellcasting   | 3 4 5 6 |  6.2
Fighting       | 1 |  1.9
Conjurations   | 1 |  1.8
Summonings     | 1 |  1.4
Dodging        | |  1.5
Stealth        | |  2.1
Transmutations | |  0.7

Action                     |  1- 3 |  4- 6 |  7- 9 || total
---------------------------+-------+-------+-------++-------
  Melee: Unarmed           |     2 |       |       ||     2
         Hand axe          |     8 |       |       ||     8
         Short sword       |       |    14 |       ||    14
   Cast: Sandblast         |    41 |    68 |    49 ||   158
    Use: Scroll            |     2 |       |     3 ||     5
 Armour: Robe              |    18 |     9 |     8 ||    35
  Dodge: Dodged            |    48 |    33 |    33 ||   114

Table legend: (Time is in decaauts)
 A = Elapsed time spent in this place.
 B = Non-inter-level travel time spent in this place.
 C = Inter-level travel time spent in this place.
 D = Time resting spent in this place.
 E = Time spent auto-exploring this place.
 F = Levels seen in this place.
 G = Mean time per level.
                   A        B        C        D        E       F      G
               +--------+--------+--------+--------+--------+-----+--------+
         Total |   3727 |   3542 |    185 |     23 |   2959 |   5 |  745.4 |
       Dungeon |   3727 |   3542 |    185 |     23 |   2959 |   5 |  745.4 |
               +--------+--------+--------+--------+--------+-----+--------+

Top non-repeatable levels by time:
     D:2: 1079 daAuts
     D:3: 904 daAuts
     D:4: 889 daAuts
     D:1: 762 daAuts
     D:5: 92 daAuts
